 Dungeon Crawl Stone Soup version 0.31-a0-175-g9f7f995f2b (webtiles) character file.

Game seed: 10945824192867349482

165 pokeman the Magician (level 5, 0/29 HPs)
             Began as a Deep Elf Hedge Wizard on June 16, 2023.
             Slain by rinse's ghost (2 damage)
             ... on level 3 of the Dungeon.
             The game lasted 00:06:52 (3412 turns).

pokeman the Magician (Deep Elf Hedge Wizard)        Turns: 3412, Time: 00:06:53

Health: 0/29       AC:  3    Str:  7    XL:     5   Next: 22%
Magic:  10/24      EV: 13    Int: 21    God:
Gold:   103        SH:  0    Dex: 14    Spells: 8/16 levels left

rFire   . . .        h - +2 dagger (flame)
rCold   . . .        (no shield)
rNeg    . . .        b - +0 robe
rPois   +            c - +0 hat
rElec   .            o - +0 cloak
rCorr   .            (no gloves)
SInv    .            (no boots)
Will    .....        (no amulet)
Stlth   ++           m - ring of poison resistance
HPRegen 0.24/turn    r - ring of magical power
MPRegen 0.19/turn

%: no passive effects
@: on blink cooldown, very slightly contaminated
A: no striking features
a: no special abilities


You were on level 3 of the Dungeon.
You visited 1 branch of the dungeon, and saw 3 of its levels.

You collected 103 gold pieces.

Inventory:

Hand Weapons
 h - a +2 dagger of flaming (weapon)
 n - a +2 quarterstaff of chaos
 s - a +1 whip of pain
Armour
 b - a +0 robe (worn)
 c - a +0 hat (worn)
 o - a +0 cloak (worn)
Magical Staves
 g - a staff of earth
 i - a staff of death
Jewellery
 m - a ring of poison resistance (left hand)
 q - a +4 ring of protection
 r - a ring of magical power (right hand)
Scrolls
 a - a scroll of enchant armour {unknown}
 k - a scroll of noise {unknown}
 l - a scroll of identify {unknown}
 t - a scroll of fog {unknown}
Potions
 d - 2 potions of magic
 e - 2 potions of heal wounds
 f - a potion of lignification {unknown}
 j - a potion of enlightenment {unknown}
 p - 2 potions of curing {unknown}


   Skills:
 - Level 1.0 Fighting
 - Level 1.0 Armour
 - Level 3.0 Dodging
 - Level 3.0 Stealth
 * Level 6.1 Spellcasting
 + Level 2.5 Conjurations
 - Level 1.1 Summonings
 + Level 0.2 Necromancy
 - Level 1.1 Translocations
 + Level 0.1 Air Magic
 + Level 0.1 Earth Magic
 + Level 0.1 Poison Magic
 + Level 0.6 Evocations


You had 8 spell levels left.
You knew the following spells:

 Your Spells              Type           Power      Damage    Failure   Level
a - Magic Dart            Conj           68%        1d6       3%          1
b - Mephitic Cloud        Conj/Pois/Air  10%        N/A       21%         3
c - Call Imp              Summ           22%        N/A       10%         2
d - Blink                 Tloc           22%        N/A       10%         2

Your spell library contained the following spells:

 Spells                   Type           Power      Damage    Failure   Level
 Slow                     Hex            24%        N/A       10%         1
 Cigotuvi's Dreadful Rot  Necr/Pois/Air  14%        N/A       14%         2
 Volatile Blastmotes      Fire/Tloc      16%        2d11      24%         3
 Iskenderun's Mystic Bla  Conj/Tloc      14%        2d5       41%         4
 Fulminant Prism          Conj/Hex       5%         3d7       50%         4
 Lee's Rapid Deconstruct  Erth           3%         3d5*      94%         5


Dungeon Overview and Level Annotations

Branches:
Dungeon (3/15)

Altars:
Kikubaaqudgha
Okawaru
Yredelemnul

Annotations:
D:3 2 transporters, Menkaure; rinse's ghost, amateur DENe


Message History

Aiming: Magic Dart (safe; 3% risk of failure)
Press: ? - help, Shift-Dir - straight line, f/p - rinse's ghost
Aim: rinse's ghost, wielding a weapon of freezing (severely damaged, ally target, 100% to hit)
You miscast Magic Dart.
Nothing appears to happen.
Rinse's ghost draws life force from you!
* * * LOW HITPOINT WARNING * * *
Rinse's ghost is healed by the life force!
Your cerulean imp hits rinse's ghost from afar with a -3 spear.
Casting: Magic Dart (safe; 3% risk of failure)
Confirm with . or Enter, or press ? or * to list all spells.
You blink.
Your cerulean imp barely misses rinse's ghost.
Unknown command.
Casting: Blink (safe; 10% risk of failure)
Confirm with . or Enter, or press ? or * to list all spells.
Aiming: Magic Dart (safe; 3% risk of failure)
Press: ? - help, Shift-Dir - straight line, f/p - rinse's ghost
Aim: rinse's ghost, wielding a weapon of freezing (severely damaged, not watching you, ally target, 100% to hit)
The magic dart hits rinse's ghost.
Rinse's ghost is severely damaged.
Your cerulean imp hits rinse's ghost but does no damage.
Casting: Magic Dart (safe; 3% risk of failure)
Confirm with . or Enter, or press ? or * to list all spells.
Aiming: Magic Dart (safe; 3% risk of failure)
Press: ? - help, Shift-Dir - straight line, f/p - rinse's ghost
Aim: rinse's ghost, wielding a weapon of freezing (severely damaged, ally target, 100% to hit)
The magic dart hits rinse's ghost.
Rinse's ghost is almost destroyed.
Your cerulean imp barely misses rinse's ghost.
Casting: Magic Dart (safe; 3% risk of failure)
Confirm with . or Enter, or press ? or * to list all spells.
Aiming: Magic Dart (safe; 3% risk of failure)
Press: ? - help, Shift-Dir - straight line, f/p - rinse's ghost
Aim: rinse's ghost, wielding a weapon of freezing (almost destroyed, ally target, 100% to hit)
The magic dart hits rinse's ghost but does no damage.
Rinse's ghost is almost destroyed.
Rinse's ghost hits you.
* * * LOW HITPOINT WARNING * * *
Rinse's ghost freezes you.
You die...

#......##⌠##...#.#......(.... #
#.....##...##....#.########## ##
#....##.....##............#
.####....#⌠.!♣?.⌠#..##...>....###
.........##.....##..##........##.
..........##...##.............##.
...........##.##.....#...<....##>
..###...#...#'#...............##.
..# #..........W@##..##........#.
..# #...###..5.......###.#####.#.
..# #...###..#.......# #.#####.#.
..# #......#...#.##### #.##......
..# ######.#####.#######.##.##.##
.## ###.# #..).........##.# .###
##...## #..##.##........# ...#
##.....####)....##.########
...###.........).....##.#


You could see rinse's ghost (ally target) and a friendly cerulean imp
(summoned).

Vanquished Creatures
  An orc priest (D:3)
  Crazy Yiuf (D:2)
  Robin (D:2)
  3 adders (D:2)
  A worm (D:3)
  3 dart slugs
  4 orcs (D:3)
  4 endoplasms
  3 giant cockroaches
  3 hobgoblins
  A quokka (D:2)
  5 ball pythons
  3 bats (D:1)
  2 frilled lizards
  14 goblins
  5 kobolds
  4 rats (D:1)
58 creatures vanquished.

Notes
Turn   | Place    | Note
-------+----------+-------------------------------------------
     0 | D:1      | pokeman the Deep Elf Hedge Wizard began the quest for the
                  | Orb.
     0 | D:1      | Reached XP level 1. HP: 10/10 MP: 7/7
   286 | D:1      | Reached XP level 2. HP: 16/16 MP: 6/9
   691 | D:1      | Reached skill level 5 in Spellcasting
  1004 | D:1      | Reached XP level 3. HP: 20/20 MP: 5/11
  1008 | D:1      | Learned a level 3 spell: Mephitic Cloud
  1011 | D:1      | Learned a level 2 spell: Call Imp
  1014 | D:1      | Learned a level 2 spell: Blink
  1487 | D:2      | Reached skill level 1 in Fighting
  1487 | D:2      | Reached skill level 1 in Armour
  1603 | D:2      | Noticed Robin
  1609 | D:2      | Reached XP level 4. HP: 25/25 MP: 4/13
  1618 | D:2      | Killed Robin
  2167 | D:2      | Found a runed translucent door.
  2168 | D:2      | Noticed Crazy Yiuf
  2434 | D:2      | Killed Crazy Yiuf
  2586 | D:3      | Reached skill level 6 in Spellcasting
  2586 | D:3      | Reached XP level 5. HP: 29/29 MP: 5/15
  2789 | D:3      | Found a runed translucent door.
  2789 | D:3      | Noticed rinse's ghost (amateur DENe)
  3014 | D:3      | Found an iron altar of Okawaru.
  3145 | D:3      | Found a basalt altar of Yredelemnul.
  3147 | D:3      | Noticed Menkaure
  3151 | D:3      | Found a transporter.
  3195 | D:3      | Found a transporter.
  3216 | D:3      | Found an ancient bone altar of Kikubaaqudgha.
  3412 | D:3      | Slain by rinse's ghost

Illustrated notes

Levels and vault maps discovered:
D:1:      dpeg_arrival_tiny_e, layout_basic
D:2:      layout_loops_ring, uniq_crazy_yiuf_cottage, uniq_robin
D:3:      layout_loops_cross, mainiacjoe_overflow_chevrons,
          gammafunk_temple_of_torment, hellmonk_ghost_happy_afterlife

Skill      XL: |  1  2  3  4 |
---------------+-------------+-----
Spellcasting   | 5 6 |  6.1
Fighting       | 1 |  1.0
Armour         | 1 |  1.0
Conjurations   | 2 |  2.5
Stealth        | 3 |  3.0
Dodging        | 3 |  3.0
Summonings     | |  1.1
Necromancy     | |  0.2
Translocations | |  1.1
Air Magic      | |  0.1
Earth Magic    | |  0.1
Poison Magic   | |  0.1
Evocations     | |  0.6

Action                     |  1- 3 |  4- 6 || total
---------------------------+-------+-------++-------
  Melee: Dagger            |     2 |    20 ||    22
   Cast: Magic Dart        |    84 |    51 ||   135
         Mephitic Cloud    |       |     4 ||     4
         Call Imp          |       |     3 ||     3
         Blink             |       |     1 ||     1
   Stab: Confused          |       |     1 ||     1
 Armour: Robe              |     6 |     3 ||     9
  Dodge: Dodged            |    18 |    15 ||    33

Table legend: (Time is in decaauts)
 A = Elapsed time spent in this place.
 B = Non-inter-level travel time spent in this place.
 C = Inter-level travel time spent in this place.
 D = Time resting spent in this place.
 E = Time spent auto-exploring this place.
 F = Levels seen in this place.
 G = Mean time per level.
                   A        B        C        D        E       F      G
               +--------+--------+--------+--------+--------+-----+--------+
         Total |   3409 |   3347 |     62 |      6 |   3015 |   3 | 1136.3 |
       Dungeon |   3409 |   3347 |     62 |      6 |   3015 |   3 | 1136.3 |
               +--------+--------+--------+--------+--------+-----+--------+

Top non-repeatable levels by time:
     D:1: 1369 daAuts
     D:2: 1186 daAuts
     D:3: 854 daAuts
